 Dungeon Crawl Stone Soup version 0.30.1-4-g462c640d31 (webtiles) character file.

Game seed: 3028355682366607810

466 Zeor the Slasher (level 7, -7/66 HPs)
             Began as a Gargoyle Berserker on Aug 13, 2023.
             Was a Priest of Trog.
             Killed by divine providence
             ... invoked by an orc priest
              (13 damage)
             ... on level 4 of the Dungeon.
             The game lasted 00:10:56 (2918 turns).

Zeor the Slasher (Gargoyle Berserker)               Turns: 2918, Time: 00:10:57

Health: -7/66      AC: 21    Str: 20    XL:     7   Next: 8%
Magic:  7/7        EV:  6    Int:  8    God:    Trog [***...]
Gold:   116        SH:  0    Dex: 11    Spells: 6/6 levels left

rFire   . . .        a - +0 falchion
rCold   + . .        (no shield)
rNeg    + . .        o - +0 plate armour
rPois   ∞            (no helmet)
rElec   +            p - +2 cloak
rCorr   .            m - +1 pair of gloves
SInv    .            (no boots)
Will    +....        e - amulet of faith Stlth
                     i - ring of willpower
HPRegen 0.31/turn    c - ring of protection from cold
MPRegen 0.10/turn

%: faith
@: berserking, very quick
A: sickness immunity, AC +4, negative energy resistance 1, electricity
resistance, torment resistance 1, petrification resistance
a: Renounce Religion, Berserk, Trog's Hand


You were on level 4 of the Dungeon.
You worshipped Trog.
Trog was most pleased with you.
You visited 1 branch of the dungeon, and saw 4 of its levels.

You collected 116 gold pieces.

Inventory:

Hand Weapons
 a - a +0 falchion (weapon)
 b - a +0 hand crossbow
 q - the +6 trident "Meudoin" {freeze, Int+3}
   (You found it on level 3 of the Dungeon)

   Int:       It affects your intelligence (+3).
Armour
 m - a +1 pair of gloves (worn)
 o - a +0 plate armour (worn)
 p - a +2 cloak (worn)
Jewellery
 c - a ring of protection from cold (right hand)
 e - an amulet of faith (around neck)
 i - a ring of willpower (left hand)
 k - an amulet of the acrobat
 s - a ring of magical power
Wands
 j - a wand of charming (4)
 t - a wand of flame (23)
Scrolls
 f - 2 scrolls of teleportation
Potions
 d - a potion of attraction {unknown}
 g - 2 potions of might
 h - 2 potions of curing
 l - a potion of haste {unknown}
 n - 2 potions of magic
 r - a potion of berserk rage


   Skills:
 + Level 4.6 Fighting
 + Level 5.3 Long Blades
 * Level 0.2 Ranged Weapons
 + Level 3.2 Armour
 + Level 2.8 Dodging
 + Level 1.5 Stealth


You had 6 spell levels left.
You didn't know any spells.
Your spell library was empty.

Dungeon Overview and Level Annotations

Branches:
Dungeon (4/15)
 Temple: D:4-7

Altars:
Ashenzari
Cheibriados
Kikubaaqudgha
Nemelex Xobeh
Vehumet
The Shining One

Shops:
D:3 !


Innate Abilities, Weirdness & Mutations

You are immune to sickness and miasma.
Your stone body is resilient. (AC +4)
You are immune to poison.
You resist negative energy. (rN+)
You are resistant to electric shocks. (rElec)
You are resistant to unholy torment.
You are immune to petrification.


Message History

You hit the orc priest but do no damage.
The orc barely misses you.
The orc priest hits you but does no damage.
The orc hits you but does no damage.
You hit the orc priest.
The orc priest is lightly wounded.
The orc hits you with a +0 flail. The orc priest completely misses you.
The orc closely misses you.
You barely miss the orc priest.
The orc priest is lightly wounded.
The orc hits you but does no damage.
The orc priest hits you but does no damage.
The orc completely misses you.
You slash the orc priest!
The orc priest is severely wounded.
The orc hits you but does no damage.
The orc priest invokes the aid of Beogh against you.
Beogh smites you!
* * * LOW HITPOINT WARNING * * *
The orc hits you but does no damage.
A red film seems to cover your vision as you go berserk!
You feel yourself moving faster!
You feel mighty! The orc hits you with a +0 flail.
* * * LOW HITPOINT WARNING * * *
The orc priest barely misses you. The orc hits you with a +0 club.
* * * LOW HITPOINT WARNING * * *
You barely miss the orc priest.
The orc priest is severely wounded.
The orc hits you with a +0 flail.
* * * LOW HITPOINT WARNING * * *
The orc priest hits you but does no damage.
The orc completely misses you.
You closely miss the orc priest.
The orc priest is severely wounded.
You closely miss the orc priest.
The orc priest is severely wounded.
The orc closely misses you.
The orc priest mumbles some strange prayers to Beogh against you.
Beogh smites you!
You die... ∙ o∙ o∙∙ ∙∙∙∙ ▒ ∙∙∙∙∙

▒∙▒▒▒▒▒▒▒▒∙∙∙∙∙∙
▒∙∙∙∙▒∙∙∙∙∙▒
▒▒▒▒▒▒∙▒o▒▒▒▒▒ ▒▒▒▒
▒∙∙∙∙∙o9o▒ ▒▒▒▒▒▒▒▒▒▒∙∙∙
▒∙▒▒▒▒∙▒▒▒ ▒∙∙∙∙∙∙∙∙▒∙∙∙
▒▒▒∙▒∙∙▒∙▒ ▒∙▒▒∙∙∙∙∙∙∙∙∙
▒∙∙∙∙∙∙▒∙▒▒▒▒▒∙▒∙∙∙<▒∙▒∙∙∙
▒∙▒∙▒∙▒▒∙∙∙∙∙∙∙▒∙∙∙∙▒∙▒∙∙∙
▒∙▒∙▒∙∙∙∙∙∙∙∙∙∙∙>▒▒∙▒∙▒▒▒▒
▒∙▒∙▒▒▒▒▒∙∙∙∙∙∙∙∙∙∙∙▒∙▒
▒∙▒∙∙∙∙∙∙∙∙∙▒▒▒▒÷▒▒▒▒∙▒
▒∙▒▒▒▒▒▒▒∙▒∙▒ ▒∙▒▒ ▒∙▒


You could see an orc priest and 2 orcs.

Vanquished Creatures
  Sigmund (D:2)
  2 howler monkeys
  A hound (D:4)
  Natasha (twice) (D:4)
  Terence (D:2)
  An orc wizard (D:4)
  4 adders
  2 dart slugs
  7 orcs (D:4)
  5 endoplasms
  3 giant cockroaches
  4 hobgoblins
  4 jackals (D:1)
  3 quokkas
  2 ball pythons (D:2)
  5 bats
  A frilled lizard (D:2)
  4 goblins
  2 kobolds
54 creatures vanquished.

Notes
Turn   | Place    | Note
-------+----------+-------------------------------------------
     0 | D:1      | Zeor the Gargoyle Berserker began the quest for the Orb.
     0 | D:1      | Reached XP level 1. HP: 14/14 MP: 1/1
   289 | D:1      | Reached XP level 2. HP: 16/19 MP: 2/2
   370 | D:1      | Reached skill level 3 in Long Blades
   616 | D:2      | Found a glowing golden altar of the Shining One.
   666 | D:2      | Reached XP level 3. HP: 17/24 MP: 3/3
   765 | D:2      | Reached skill level 1 in Stealth
   944 | D:2      | Noticed Terence
   957 | D:2      | Killed Terence
   958 | D:2      | Reached XP level 4. HP: 25/29 MP: 4/4
   985 | D:2      | Reached ** piety under Trog
  1230 | D:2      | Noticed Sigmund
  1239 | D:2      | Killed Sigmund
  1240 | D:2      | Reached skill level 4 in Long Blades
  1240 | D:2      | Reached XP level 5. HP: 34/34 MP: 5/5
  1240 | D:2      | Reached XP level 6. HP: 39/39 MP: 6/6
  1824 | D:3      | Found a sparkling altar of Nemelex Xobeh.
  1961 | D:3      | Found an ancient bone altar of Kikubaaqudgha.
  1961 | D:3      | Found a snail-covered altar of Cheibriados.
  1999 | D:3      | Found Puzuisch's Distillery.
  2000 | D:3      | Identified the +6 trident "Meudoin" {freeze, Int+3}
  2159 | D:4      | Found a radiant altar of Vehumet.
  2257 | D:4      | Found a broken altar of Ashenzari.
  2449 | D:4      | Reached skill level 5 in Long Blades
  2511 | D:4      | Noticed Natasha
  2519 | D:4      | Killed Natasha
  2520 | D:4      | Reached XP level 7. HP: 43/44 MP: 7/7
  2773 | D:4      | Noticed Natasha
  2786 | D:4      | Killed Natasha
  2786 | D:4      | Reached *** piety under Trog
  2918 | D:4      | Killed from afar by an orc priest

Illustrated notes

Levels and vault maps discovered:
D:1:      dpeg_arrival_concentric_ovals, layout_basic, serial_bayou_pond_d
D:2:      layout_basic, basic_altar, minmay_misc_feat_hallway,
          grunt_ministairs_9, uniq_sigmund, uniq_terence
D:3:      layout_rooms, mainiacjoe_overflow_tiny_flanked,
          gammafunk_temple_overflow_pools, serial_shops, shop,
          lemuel_flame_loot_1
D:4:      layout_basic, nicolae_ashenzari_skybound, vehumet_crystals,
          uniq_natasha

Skill      XL: |  1  2  3  4  5  6 |
---------------+-------------------+-----
Long Blades    | 3 4 5 |  5.3
Stealth        | 1 |  1.5
Fighting       | 4 |  4.6
Dodging        | 2 |  2.8
Armour         | 3 |  3.2
Ranged Weapons | |  0.2

Action                     |  1- 3 |  4- 6 |  7- 9 || total
---------------------------+-------+-------+-------++-------
  Melee: Falchion          |   101 |   140 |    27 ||   268
         Punch             |       |     3 |       ||     3
   Fire: Hand crossbow     |       |       |     1 ||     1
 Invoke: Berserk           |       |     1 |     1 ||     2
    Use: Scroll            |     1 |    10 |       ||    11
 Armour: Animal skin       |    33 |       |       ||    33
         Plate armour      |     9 |   117 |    27 ||   153
  Dodge: Dodged            |    73 |    45 |    16 ||   134
